AoeStats
← Tebini Koppini

Arena

510378496Analyzed
1v1 RM · 17h ago on Sep 30, 2026· 103m 23s· 2 players
Game mode
Random Map
Map size
Tiny (2 player)
Population
200
Speed
Normal
Resources
Standard
Victory
Conquest
Starting age
Dark Age
Ending age
Imperial Age
RankedLock teamsTeams togetherTeam positionsShared explorationLock speedFull tech treeHidden civsTurbo modeCheats
Victory
Defeat
🇳🇴 Goths · Norway
1644
+15
🇦🇷 Inca · Argentina
1633
-15
Tebini Koppini
9:59 Feudal Age
13:53 Castle Age
12:16 Double-Bit Axe
12:21 Horse Collar
15:30 Bow Saw
18:18 Loom
21:33 Fletching
22:23 Pikeman
35:55 Imperial Age
34:19 Wheelbarrow
33:31 Town Watch
34:12 Andean Sling
34:31 Thumb Ring
34:24 Bodkin Arrow
34:29 Padded Archer Armor
35:28 Leather Archer Armor
35:14 Scale Mail Armor
35:54 Ballistics
35:48 Forging
36:04 Hand Cart
36:42 Bracer
37:13 Ring Archer Armor
37:45 Chain Mail Armor
38:07 Iron Casting
36:56 Elite Skirmisher
38:19 Conscription
39:10 Chemistry
38:55 Devotion
40:16 Elite Kamayuk
41:00 Fabric Shields
42:55 Plate Mail Armor
43:26 Blast Furnace
51:30 Squires
50:50 Champi Runner
53:24 Champi Warrior
54:15 Elite Champi Warrior
56:21 Heavy Plow
58:04 Halberdier
62:02 Town Patrol
70:54 Capped Ram
71:52 Siege Ram
84:14 Siege Ram
Arzach
11:13 Feudal Age
12:25 Double-Bit Axe
12:27 Horse Collar
15:14 Castle Age
16:20 Bow Saw
15:49 Light Cavalry
27:34 Wheelbarrow
27:39 Heavy Plow
32:16 Imperial Age
30:42 Gold Mining
33:59 Chemistry
33:29 Padded Archer Armor
33:42 Forging
33:32 Scale Mail Armor
33:57 Hand Cart
35:15 Conscription
34:58 Anarchy
36:46 Chain Mail Armor
37:06 Iron Casting
35:57 Elite Huskarl
37:40 Squires
39:52 Iron Casting
39:29 Perfusion
42:55 Blast Furnace
41:37 Capped Ram
42:54 Leather Archer Armor
42:01 Elite Skirmisher
43:05 Ballistics
44:38 Fletching
45:18 Ring Archer Armor
46:29 Bodkin Arrow
52:16 Bracer
54:12 Bloodlines
54:03 Husbandry
54:39 Scale Barding Armor
54:08 Hussar
56:13 Chain Barding Armor
67:08 Guilds
72:42 Masonry
86:42 Two-Man Saw
87:14 Two-Man Saw
Connection lost

Rejoining the realm…

Still unreachable

The connection could not be restored.

Session expired

The server has moved on; the page needs a fresh start.